Map: Triton LE

Players

Ratl - Winner!

  • Race: Protoss Protoss
  • League: Silver
  • Spawn Location: 11:00

VOD

Have the link to the VOD?

Description

Time

  • Played on: Jan. 14, 2020, 11:08 a.m.
  • Length: 16:48
Show
View Real Time Build Order
Export as new Build Order

Ratl Protoss - Winner!

Build Orders:  

Get SALT Encoding   

  12  0:06  Probe (Chrono Boost)  
  13  0:23  Probe (Chrono Boost)  
  13  0:26  Pylon  
  15  0:40  Probe (Chrono Boost)  
  15  0:52  Gateway  
  15  0:56  Probe (Chrono Boost)  
  16  1:05  Assimilator  
  16  1:07  Probe (Chrono Boost)  
  17  1:22  Probe (Chrono Boost)  
  17  1:23  Gateway  
  18  1:39  Probe (Chrono Boost)  
  19  1:56  Probe (Chrono Boost)  
  20  2:01  Cybernetics Core  
  20  2:12  Assimilator  
  20  2:13  Probe (Chrono Boost)  
  22  2:30  Probe (Chrono Boost)  
  22  2:32  Pylon  
  22  2:47  Probe (Chrono Boost)  
  23  2:58  Stalker x2  
  27  3:03  Probe (Chrono Boost)  
  28  3:18  Probe  
  29  3:39  Nexus  
  29  3:46  Probe  
  30  4:04  Probe  
  31  4:11  Warp Gate (Chrono Boost)  
  31  4:21  Pylon  
  31  4:43  Probe  
  31  4:46  Stalker x2  
  34  5:00  Probe  
  34  5:03  Stargate  
  35  5:13  Probe (Chrono Boost)  
  35  5:14  Pylon  
  36  5:26  Probe (Chrono Boost)  
  36  5:28  Probe (Chrono Boost), Protoss Air Weapons Level 1  
  38  5:45  Probe (Chrono Boost)  
  38  5:46  Stargate  
  38  5:48  Stalker  
  38  5:49  Stalker  
  45  6:00  Probe (Chrono Boost)  
  45  6:01  Probe (Chrono Boost)  
  45  6:08  Assimilator  
  45  6:17  Probe (Chrono Boost)  
  45  6:18  Probe (Chrono Boost)  
  47  6:33  Fleet Beacon  
  47  6:34  Probe (Chrono Boost)  
  47  6:35  Probe (Chrono Boost), Zealot  
  47  6:36  Zealot  
  53  7:05  Assimilator  
  53  7:08  Probe (Chrono Boost)  
  53  7:09  Probe (Chrono Boost)  
  55  7:15  Zealot x2  
  59  7:25  Probe (Chrono Boost)  
  59  7:26  Probe (Chrono Boost)  
  61  7:42  Probe (Chrono Boost)  
  61  7:44  Pylon  
  61  7:49  Pylon  
  62  8:00  Pylon  
  62  8:05  Pylon  
  68  8:12  Probe x2 (Chrono Boost), Void Ray (Chrono Boost)  
  68  8:16  Nexus  
  68  8:19  Void Ray (Chrono Boost)  
  68  8:29  Probe x2 (Chrono Boost)  
  74  8:42  Probe (Chrono Boost)  
  74  8:44  Probe (Chrono Boost)  
  76  8:52  Probe, Pylon  
  76  8:53  Unknown  
  77  9:00  Probe  
  77  9:03  Probe  
  83  9:11  Stalker x2  
  83  9:12  Protoss Air Weapons Level 2 (Chrono Boost)  
  83  9:16  Void Ray (Chrono Boost)  
  87  9:25  Assimilator  
  87  9:27  Pylon  
  87  9:32  Probe x2  
  89  9:49  Probe x2  
  91  9:55  Void Ray (Chrono Boost)  
  91  10:00  Probe  
  91  10:01  Void Ray (Chrono Boost)  
  91  10:06  Probe x2  
  102  10:17  Probe  
  103  10:24  Probe  
  103  10:28  Robotics Facility  
  103  10:30  Probe  
  103  10:34  Probe  
  103  10:36  Probe, Assimilator  
  106  10:47  Probe  
  108  10:56  Stalker  
  108  10:57  Stalker  
  112  11:07  Gateway  
  112  11:08  Gateway  
  112  11:11  Gateway  
  112  11:16  Pylon  
  120  11:25  Shield Battery  
  120  11:27  Void Ray x2 (Chrono Boost)  
  120  11:29  Shield Battery  
  120  11:36  Shield Battery  
  120  11:45  Observer  
  121  12:00  Stalker x2  
  125  12:14  Immortal  
  129  12:20  Robotics Facility  
  133  12:34  Pylon  
  133  12:37  Pylon, Protoss Air Armor Level 1 (Chrono Boost)  
  133  12:48  Pylon  
  133  12:54  Void Ray  
  133  12:57  Pylon  
  133  13:05  Stalker  
  133  13:07  Zealot x3  
  141  13:48  Twilight Council  
  125  14:04  Stargate x2  
  123  14:12  Void Ray  
  123  14:17  Stalker x4  
  123  14:18  Zealot  
  137  15:12  Void Ray  
  139  15:30  Templar Archives  
  139  15:33  Nexus  
  139  15:34  Stargate  
  139  15:35  Stargate  
  139  15:36  Void Ray x2, Assimilator  
  147  15:43  Assimilator  
  147  15:45  Pylon  
  147  15:49  Pylon  
  145  15:54  Pylon  
Tags
 
League
Silver
Matchup
Co-op
Add a new tag
Caveats
  • Supply blocks, unpowered buildings, or Contaminate may cause inaccurate times.
  • Supply counts are checked every 10 seconds.